 Dungeon Crawl Stone Soup version 0.23.0 (webtiles) character file.

Game seed: 14147193338888887376

217 Morrissey the Chopper (level 5, -2/47 HPs)
             Began as a Minotaur Fighter on Feb 10, 2019.
             Killed by nerve-wracking pain
             ... invoked by a shadow imp
             ... summoned by Natasha
              (14 damage)
             ... on level 3 of the Dungeon.
             The game lasted 00:03:28 (2257 turns).

Morrissey the Chopper (Minotaur Fighter)            Turns: 2257, Time: 00:03:29

Health: -2/47      AC:  7    Str: 20    XL:     5   Next: 62%
Magic:  4/4        EV:  9    Int:  5    God:
Gold:   124        SH:  0    Dex: 11    Spells: 4/4 levels left

rFire    . . .     SeeInvis .   a - +0 war axe
rCold    . . .     Gourm    .   (no shield)
rNeg     . . .     Faith    .   b - +0 scale mail
rPois    .         Spirit   .   (helmet restricted)
rElec    .         Reflect  .   (no cloak)
rCorr    .         Harm     .   (no gloves)
MR       .....                  (no boots)
Stlth    ..........             (no amulet)
HPRegen  0.15/turn              (no ring)
MPRegen  0.09/turn              (no ring)

@: no status effects
A: retaliatory headbutt, horns 2
a: no special abilities


You were on level 3 of the Dungeon.
You were not hungry.

You visited 1 branch of the dungeon, and saw 3 of its levels.
You also visited: Sewer.

You collected 124 gold pieces.

Inventory:

Hand Weapons
 a - a +0 war axe (weapon)
Armour
 b - a +0 scale mail (worn)
 c - a +0 shield
Wands
 o - a wand of iceblast (8)
Scrolls
 l - a scroll of remove curse
 m - a scroll of identify
 q - 2 scrolls of teleportation
Potions
 d - a potion of might
 e - 3 potions of flight {unknown}
 g - 2 potions of haste
 h - a potion of berserk rage {unknown}
 j - 3 potions of curing {unknown}
 k - a potion of brilliance {unknown}
 n - 2 potions of agility {unknown}
 p - a potion of ambrosia {unknown}
 s - 2 potions of heal wounds {unknown}
Comestibles
 f - 3 rations
 i - 2 chunks of flesh


   Skills:
 + Level 4.9 Fighting
 * Level 5.3 Axes
 + Level 5.0 Armour
 - Level 3.6 Shields


You had 4 spell levels left.
You didn't know any spells.
Your spell library contained the following spells:

 Spells                   Type           Power        Failure   Level  Hunger
 Confusing Touch          Hex            #.....       82%         1    ##.....
 Confuse                  Hex            #.......     99%         3    ####...
 Gell's Gravitas          Tloc           #.........   99%         3    ####...
 Petrify                  Tmut/Erth      #.......     100%        4    #####..
 Metabolic Englaciation   Hex/Ice        #.........   100%        5    ######.
 Yara's Violent Unravell  Hex/Tmut       #.........   100%        5    ######.


Dungeon Overview and Level Annotations

Branches:
Dungeon (3/15)

Altars:
Dithmenos

Annotations:
D:3 Natasha


Innate Abilities, Weirdness & Mutations

You reflexively headbutt those who attack you in melee.
You have a pair of horns on your head.


Message History

You hit the white imp.
You kill the white imp!
Natasha casts a spell.
You closely miss Natasha. You headbutt Natasha, but do no damage.
Natasha is almost dead.
Natasha barely misses you.
You closely miss Natasha. Your headbutt misses Natasha.
Natasha is almost dead.
Natasha casts a spell.
You hit Natasha but do no damage.
Natasha is almost dead.
You barely miss the shadow imp.
You hit the shadow imp but do no damage.
Natasha claws you.
* * * LOW HITPOINT WARNING * * *
The shadow imp closely misses you. You furiously retaliate!
You headbutt the shadow imp. The shadow imp gestures at you.
Pain shoots through your body!
You die...

....# #####
### # #.# #.
#.# ### .. #
#.. ....
#.#.#.#.#
####
......#.###.#
......5h5...#
###### #@#
#....# #.#
#.##.# #.#
#.##<# #.#
..รท..# #.#
#.#..# #.#
#.#..# #.#
#.#..# #.#
#.#..# ###.#


You could see Natasha and 2 shadow imps.

Vanquished Creatures
  A big kobold (Sewer)
  Natasha (D:3)
  5 adders
  4 worms
  A dart slug (D:1)
  8 orcs (D:3)
  3 giant cockroaches
  5 goblins
  3 hobgoblins
  A jackal (Sewer)
  9 bats
  9 frilled lizards
  12 kobolds
  10 rats
72 creatures vanquished.

Notes
Turn   | Place    | Note
-------+----------+-------------------------------------------
     0 | D:1      | Morrissey the Minotaur Fighter began the quest for the Orb.
     0 | D:1      | Reached XP level 1. HP: 19/19 MP: 0/0
   404 | D:1      | Reached XP level 2. HP: 27/27 MP: 1/1
  1075 | D:2      | Reached XP level 3. HP: 27/33 MP: 2/2
  1319 | D:2      | Found a shadowy altar of Dithmenos.
  1617 | D:3      | Noticed Natasha
  1628 | D:3      | Killed Natasha
  1628 | D:3      | Reached XP level 4. HP: 41/41 MP: 3/3
  1769 | D:3      | Reached XP level 5. HP: 39/47 MP: 4/4
  1778 | D:3      | Found a glowing drain.
  1783 | Sewer    | Entered a sewer
  1851 | Sewer    | Reached skill level 5 in Axes
  1866 | Sewer    | Found a white marble altar of Elyvilon.
  2203 | D:3      | Reached skill level 5 in Armour
  2243 | D:3      | Noticed Natasha
  2257 | D:3      | Killed from afar by a shadow imp

Skill      XL: |  1  2  3  4  5 |
---------------+----------------+-----
Axes           | 3 4 5 |  5.3
Fighting       | 4 |  4.9
Armour         | 4 5 |  5.0
Shields        | |  3.6

Action                   |  1- 3 |  4- 6 || total
-------------------------+-------+-------++-------
Melee: War axe           |    93 |    66 ||   159
       Headbutt          |    12 |     8 ||    20
  Use: Scroll            |     4 |       ||     4
  Eat: Chunk             |     2 |     3 ||     5
Armor: Scale mail        |    51 |    29 ||    80
       Skin              |    11 |       ||    11
Dodge: Dodged            |    36 |    52 ||    88
